 Dungeon Crawl Stone Soup version 0.27.0-1-g7a089689b8 (webtiles) character file.

Game seed: 17395554538123714257

49 SnakkuSnakku7 the Skirmisher (level 3, -10/29 HPs)
             Began as a Merfolk Necromancer on Aug 7, 2021.
             Killed by divine providence
             ... invoked by an orc priest
              (15 damage)
             ... on level 3 of the Dungeon.
             The game lasted 00:02:09 (2262 turns).

SnakkuSnakku7 the Skirmisher (Merfolk Necromancer)  Turns: 2262, Time: 00:02:09

Health: -10/29     AC:  4    Str:  9    XL:     3   Next: 75%
Magic:  6/6        EV: 12    Int: 20    God:
Gold:   83         SH:  0    Dex: 14    Spells: 5/6 levels left

rFire    . . .     SeeInvis .   g - +0 quarterstaff
rCold    . . .     Faith    .   (shield currently unavailable)
rNeg     . . .     Spirit   .   a - +0 robe
rPois    .         Reflect  .   (no helmet)
rElec    .         Harm     .   (no cloak)
rCorr    .         Rampage  .   l - +0 pair of gloves
Will     .....                  m - +0 pair of boots
Stlth    ++........             (no amulet)
HPRegen  0.09/turn              i - +6 ring of intelligence
MPRegen  0.10/turn              e - +4 ring of slaying

@: no status effects
A: (nimble swimmer 2), mertail
a: no special abilities


You were on level 3 of the Dungeon.
You visited 1 branch of the dungeon, and saw 3 of its levels.

You collected 83 gold pieces.

Inventory:

Hand Weapons
 c - a +0 mace
 g - a +0 quarterstaff (weapon)
Armour
 a - a +0 robe (worn)
 l - a +0 pair of gloves (worn)
 m - a +0 pair of boots (worn)
Jewellery
 e - a +4 ring of slaying (right hand)
 i - a +6 ring of intelligence (left hand)
Scrolls
 b - 2 scrolls of identify {unknown}
 d - a scroll of magic mapping {unknown}
 f - 2 scrolls of teleportation {unknown}
 h - a scroll of enchant armour {unknown}
Potions
 j - a potion of resistance {unknown}
 k - a potion of might {unknown}


   Skills:
 + Level 3.6 Fighting
 - Level 2.6 Dodging
 - Level 2.1 Stealth
 - Level 2.0 Spellcasting
 - Level 3.2 Necromancy


You had 5 spell levels left.
You knew the following spells:

 Your Spells              Type           Power      Damage    Failure   Level
a - Pain                  Necr           60%        1d7       4%          1

Your spell library contained the following spells:

 Spells                   Type           Power      Damage    Failure   Level
 Animate Skeleton         Necr           30%        N/A       4%          1
 Vampiric Draining        Necr           7%         2d7       12%         3
 Animate Dead             Necr           7%         N/A       38%         4
 Gell's Gravitas          Tloc           1%         N/A       43%         3
 Lesser Beckoning         Tloc           1%         N/A       43%         3
 Teleport Other           Tloc           2%         N/A       43%         3
 Agony                    Necr           15%        N/A       75%         5
 Excruciating Wounds      Necr           7%         N/A       75%         5


Dungeon Overview and Level Annotations

Branches:
Dungeon (3/15)

Altars:


Innate Abilities, Weirdness & Mutations

((You are quick and stealthy near water. (Stealth+, EV+, Speed+++)))
Your lower body shifts to a powerful aquatic tail in water.


Message History

You climb downwards.
There is a stone staircase leading up here.
An endoplasm comes into view.
An endoplasm is nearby!
An endoplasm is nearby!
The endoplasm closely misses you.
Found 18 gold pieces.
You hit the endoplasm.
The endoplasm is heavily wounded.
The endoplasm freezes you.
You are frozen.
You sock the endoplasm!
You kill the endoplasm!
No target in view!
You now have 83 gold pieces (gained 18).
A frilled lizard comes into view.
A frilled lizard is nearby!
The frilled lizard hisses angrily.
The frilled lizard barely misses you.
You thump the frilled lizard!
You kill the frilled lizard!
No target in view!
You see here a frilled lizard corpse.
HP restored.
You open the door.
There is an open door here.
There is an open door here.
An orc priest comes into view. It is wielding a +0 flail.
An orc priest is nearby!
An orc priest is nearby!
The orc priest invokes the aid of Beogh against you.
Pain shoots through your body!
The orc priest calls down the wrath of Beogh upon you.
Beogh smites you!
* * * LOW HITPOINT WARNING * * *
The orc priest shouts!
The orc priest mumbles some strange prayers to Beogh against you.
Beogh smites you!
Ouch! That really hurt!
You die...

########
####......#
#.<.......#
##.##.####.#
#...#.####.#######
#....@............
#...#.####.##...#
##o##......# .
#.#######.#
#.........#
##.######## #.#
#.# #.# ###


You could see an orc priest.

Vanquished Creatures
  An adder (D:2)
  A worm (D:2)
  A dart slug (D:1)
  3 ball pythons
  6 endoplasms
  2 giant cockroaches
  3 goblins
  A hobgoblin (D:2)
  A quokka (D:1)
  3 bats
  4 frilled lizards
  3 kobolds (D:1)
  5 rats
34 creatures vanquished.

Notes
Turn   | Place    | Note
-------+----------+-------------------------------------------
     0 | D:1      | SnakkuSnakku7 the Merfolk Necromancer began the quest for
                  | the Orb.
     0 | D:1      | Reached XP level 1. HP: 13/13 MP: 3/3
   341 | D:1      | Reached skill level 1 in Fighting
   360 | D:1      | Found a faded altar of an unknown god.
   381 | D:1      | Reached XP level 2. HP: 19/22 MP: 5/5
  1174 | D:1      | Reached XP level 3. HP: 28/28 MP: 6/6
  2262 | D:3      | Killed from afar by an orc priest

Illustrated notes

Levels and vault maps discovered:
D:1:      kennysheep_arrival_seaside, layout_loops_ring,
          hellmonk_ecumenical_altar_arch_garden, chequers_serial_rivers_large_a
D:2:      minmay_door_path, layout_rooms
D:3:      layout_loops_corners, overflow_temple_1_default,
          mainiacjoe_overflow_swirl, serial_shops, nicolae_shop_statue_plus,
          nicolae_shop_stone

Skill      XL: |  1  2  3 |
---------------+----------+-----
Fighting       | 1 2 3 |  3.6
Dodging        | |  2.6
Stealth        | |  2.1
Spellcasting   | |  2.0
Necromancy     | |  3.2

Action                   || total
-------------------------++-------
Melee: Mace              ||    83
       Unarmed           ||     3
       Quarterstaff      ||    17
 Cast: Pain              ||     5
 Stab: Sleeping          ||     5
Armor: Robe              ||    18
Dodge: Dodged            ||    82
